 Dungeon Crawl Stone Soup version 0.29.0-4-gdea44cf6ec (webtiles) character file.

Game seed: 15271971516177397774

381 qw the Sneak (level 6, -1/39 HPs)
             Began as a Gargoyle Delver on Sept 10, 2022.
             Slain by an ufetubus (3 damage)
             ... on level 4 of the Dungeon.
             The game lasted 00:01:37 (4807 turns).

qw the Sneak (Gargoyle Delver)                      Turns: 4807, Time: 00:01:38

Health: -1/39      AC:  8    Str: 17    XL:     6   Next: 75%
Magic:  6/6        EV: 11    Int: 11    God:
Gold:   135        SH:  4    Dex: 11    Spells: 5/5 levels left

rFire   . . .      SeeInvis .   Y - +0 hand axe
rCold   . . .      Faith    .   m - +0 buckler
rNeg    + . .      Spirit   .   b - +0 leather armour
rPois   inf        Reflect  .   k - +0 helmet
rElec   +          Harm     .   (no cloak)
rCorr   .          Rampage  .   (no gloves)
Will    .....                   (no boots)
Stlth   +++.......              (no amulet)
HPRegen 0.13/turn               (no ring)
MPRegen 0.10/turn               (no ring)

@: no status effects
A: sickness immunity, AC +4, negative energy resistance 1, electricity
resistance, torment resistance 1, petrification resistance
a: no special abilities


You were on level 4 of the Dungeon.
You visited 1 branch of the dungeon, and saw 5 of its levels.

You collected 135 gold pieces.


Innate Abilities, Weirdness & Mutations

You are immune to sickness and miasma.
Your stone body is resilient. (AC +4)
You are immune to poison.
You resist negative energy. (rN+)
You are resistant to electric shocks. (rElec)
You are resistant to unholy torment.
You are immune to petrification.


   Skills:
 - Level 4.5 Fighting
 + Level 5.1 Axes
 - Level 1.7 Armour
 - Level 1.5 Dodging
 - Level 5.4 Stealth
 - Level 2.1 Shields


You had 5 spell levels left.
You didn't know any spells.
Your spell library was empty.

Inventory:

Hand Weapons
 q - a +0 flail
 Y - a +0 hand axe (weapon)
Armour
 b - a +0 leather armour (worn)
 k - a +0 helmet (worn)
 m - a +0 buckler (worn)
Wands
 g - a wand of digging (3)
Scrolls
 c - a scroll of identify
Potions
 a - a potion of magic {unknown}
 e - a potion of ambrosia {unknown}
 f - 2 potions of haste
 i - a potion of degeneration {unknown}
 j - a potion of invisibility {unknown}
 l - a potion of might
 n - a potion of attraction {unknown}
 o - a potion of mutation {unknown}
 p - a potion of curing {unknown}

Dungeon Overview and Level Annotations

Branches:
Dungeon (5/15)
 Temple: D:4-7

Altars:


Message History

The scorpion is almost dead.
You closely miss the hobgoblin. You hit the ufetubus but do no damage.
The scorpion stings you but does no damage.
The ufetubus closely misses you. x2; The hobgoblin barely misses you.
The hobgoblin misses you. You block the scorpion's attack.
You hit the scorpion but do no damage.
The scorpion is almost dead.
You hit the hobgoblin but do no damage. You closely miss the ufetubus.
You block the ufetubus's attack. The ufetubus barely misses you.
The hobgoblin barely misses you. The hobgoblin hits you.
The ufetubus hits you but does no damage. x2
The scorpion misses you.
You hit the scorpion.
You kill the scorpion!
You hit the hobgoblin. You barely miss the ufetubus.
The ufetubus hits you but does no damage. x2
The hobgoblin closely misses you.
The hobgoblin hits you from afar with a +0 trident.
Your Fighting skill increases to level 4!
The ball python hisses angrily.
You hit the hobgoblin but do no damage.
The hobgoblin is almost dead.
You hit the ufetubus but do no damage. The ufetubus hits you.
The ufetubus closely misses you. The hobgoblin hits you.
The hobgoblin closely misses you. The ufetubus completely misses you.
The ufetubus closely misses you.
You hit the hobgoblin.
You kill the hobgoblin!
You miss the ufetubus. The ufetubus closely misses you.
The ufetubus hits you but does no damage.
The hobgoblin closely misses you. The dart slug launches a dart at you.
The slug dart hits you.
The ufetubus hits you but does no damage.
You block the ufetubus's attack.
You miss the ufetubus.
The ufetubus is severely wounded.
The ufetubus hits you.
You die...

.# .. S. ##. # #.. # ..#
.##... #.###.. ......
#.#...###.?....
####...#.%#..S....
.......g.@%w..#.
..........5.##...
............#...
................. .
......%..............
.####..)............[.#
...#..##.............##
###.........#..........##
###......##.###....(.......


You could see a dart slug, an ufetubus, a hobgoblin and a ball python.

Vanquished Creatures
  Blork the orc (D:4)
  2 scorpions (D:4)
  A howler monkey (D:4)
  A hound (D:4)
  6 adders
  2 worms
  2 dart slugs
  6 ball pythons
  3 bats (D:2)
  9 endoplasms
  5 giant cockroaches
  2 goblins
  6 hobgoblins
  9 kobolds
  3 quokkas
  3 frilled lizards
  6 rats
67 creatures vanquished.

Notes
Turn   | Place    | Note
-------+----------+-------------------------------------------
     0 | D:5      | qw the Gargoyle Delver began the quest for the Orb.
     0 | D:5      | Reached XP level 1. HP: 14/14 MP: 1/1
     0 | D:5      | 0 ||| qw: Version: 0.1-a-116-g5d60599
     0 | D:5      | 0 ||| qw: Game counter: 8025
     0 | D:5      | 0 ||| qw: Always use a shield: true
     0 | D:5      | 0 ||| qw: God list: Okawaru
     0 | D:5      | 0 ||| qw: Allow faded altars: false
     0 | D:5      | 0 ||| qw: Do Orc after D:15 true
     0 | D:5      | 0 ||| qw: Do second Lair branch before Depths: true
     0 | D:5      | 0 ||| qw: Lair rune preference: random
     0 | D:5      | 0 ||| qw: Plans: Normal
     0 | D:5      | 0 ||| PLANNING D:1-11
     0 | D:5      | 0 ||| DROPPING scroll of fog.
     1 | D:5      | 1 ||| DROPPING scroll of magic mapping.
     2 | D:5      | 2 ||| DROPPING scroll of fear.
    62 | D:4      | 62 ||| Stepping ~*~*~tactically~*~*~ (stealth).
    64 | D:4      | 64 ||| Stepping ~*~*~tactically~*~*~ (stealth).
    67 | D:4      | 67 ||| Stepping ~*~*~tactically~*~*~ (stealth).
    68 | D:4      | 68 ||| Stepping ~*~*~tactically~*~*~ (stealth).
   111 | D:4      | 111 ||| Stepping ~*~*~tactically~*~*~ (stealth).
   112 | D:4      | 112 ||| Stepping ~*~*~tactically~*~*~ (stealth).
   118 | D:4      | Reached XP level 2. HP: 7/19 MP: 2/2
   496 | D:2      | 496 ||| Stepping ~*~*~tactically~*~*~ (stealth).
   504 | D:2      | Reached skill level 3 in Axes
   504 | D:2      | Reached XP level 3. HP: 17/23 MP: 3/3
   571 | D:2      | HP: 3/23 [worm (7)]
   725 | D:2      | 725 ||| Stepping ~*~*~tactically~*~*~ (stealth).
   729 | D:2      | 729 ||| Stepping ~*~*~tactically~*~*~ (stealth).
  1030 | D:2      | 1030 ||| READING scroll labelled WUUTUE AZIMI.
  1031 | D:2      | 1031 ||| READING scroll labelled BEDOESAH HEUXI.
  1243 | D:1      | Reached XP level 4. HP: 24/28 MP: 4/4
  1711 | D:1      | 1711 ||| Stepping ~*~*~tactically~*~*~ (stealth).
  1717 | D:1      | 1717 ||| Stepping ~*~*~tactically~*~*~ (stealth).
  1724 | D:1      | 1724 ||| Stepping ~*~*~tactically~*~*~ (stealth).
  1871 | D:1      | 1871 ||| Stepping ~*~*~tactically~*~*~ (stealth).
  1873 | D:1      | 1873 ||| Stepping ~*~*~tactically~*~*~ (stealth).
  1878 | D:1      | 1878 ||| Stepping ~*~*~tactically~*~*~ (stealth).
  1879 | D:1      | 1879 ||| Stepping ~*~*~tactically~*~*~ (stealth).
  1880 | D:1      | 1880 ||| Stepping ~*~*~tactically~*~*~ (stealth).
  1881 | D:1      | 1881 ||| Stepping ~*~*~tactically~*~*~ (stealth).
  1882 | D:1      | 1882 ||| Stepping ~*~*~tactically~*~*~ (stealth).
  1883 | D:1      | 1883 ||| Stepping ~*~*~tactically~*~*~ (stealth).
  1884 | D:1      | 1884 ||| Stepping ~*~*~tactically~*~*~ (stealth).
  1885 | D:1      | 1885 ||| Stepping ~*~*~tactically~*~*~ (stealth).
  1886 | D:1      | 1886 ||| Stepping ~*~*~tactically~*~*~ (stealth).
  1960 | D:1      | 1960 ||| Stepping ~*~*~tactically~*~*~ (stealth).
  2078 | D:1      | Found a faded altar of an unknown god.
  2145 | D:1      | 2145 ||| READING 2 scrolls of identify.
  2145 | D:1      | 2145 ||| IDENTIFYING bubbling blue potion
  2146 | D:1      | 2146 ||| DROPPING potion of lignification.
  2628 | D:2      | 2628 ||| UPGRADING to +0 helmet.
  2633 | D:2      | 2633 ||| READING scroll labelled MIBRAI KOYJES.
  2634 | D:2      | 2634 ||| READING 2 scrolls of identify.
  2634 | D:2      | 2634 ||| IDENTIFYING red potion
  2845 | D:3      | 2845 ||| Stepping ~*~*~tactically~*~*~ (stealth).
  2847 | D:3      | 2847 ||| Stepping ~*~*~tactically~*~*~ (stealth).
  3610 | D:3      | 3610 ||| UPGRADING to +0 buckler.
  3615 | D:3      | 3615 ||| DRINKING 2 yellow potions.
  3616 | D:3      | 3616 ||| DROPPING potion of brilliance.
  3712 | D:4      | Reached XP level 5. HP: 12/32 MP: 5/5
  3742 | D:4      | 3742 ||| FLEEEEING.
  3749 | D:4      | 3749 ||| STAIRDANCE
  3903 | D:3      | 3903 ||| DRINKING 2 metallic dark potions.
  3915 | D:4      | 3915 ||| DROPPING +0 club.
  3921 | D:4      | Noticed Blork the orc
  3922 | D:4      | 3922 ||| Stepping ~*~*~tactically~*~*~ (hiding).
  4009 | D:4      | 4009 ||| Stepping ~*~*~tactically~*~*~ (hiding).
  4091 | D:4      | 4091 ||| Stepping ~*~*~tactically~*~*~ (hiding).
  4193 | D:4      | 4193 ||| Stepping ~*~*~tactically~*~*~ (hiding).
  4295 | D:4      | 4295 ||| Stepping ~*~*~tactically~*~*~ (hiding).
  4451 | D:4      | 4451 ||| Stepping ~*~*~tactically~*~*~ (hiding).
  4553 | D:4      | 4553 ||| Stepping ~*~*~tactically~*~*~ (hiding).
  4655 | D:4      | 4655 ||| Stepping ~*~*~tactically~*~*~ (hiding).
  4669 | D:4      | HP: 7/32 [Blork the orc/puff of frost (8)]
  4670 | D:4      | 4670 ||| DRINKING 2 potions of heal wounds.
  4676 | D:4      | Killed Blork the orc
  4729 | D:4      | 4729 ||| DROPPING +2 whip of venom.
  4735 | D:4      | Identified the +5 quarterstaff "Huunis" {elec, Int+2 SInv}
  4754 | D:4      | 4754 ||| Stepping ~*~*~tactically~*~*~ (stealth).
  4755 | D:4      | 4755 ||| Stepping ~*~*~tactically~*~*~ (stealth).
  4770 | D:4      | 4770 ||| Stepping ~*~*~tactically~*~*~ (stealth).
  4784 | D:4      | HP: 7/32 [howler monkey (6)]
  4785 | D:4      | 4785 ||| DRINKING potion of heal wounds.
  4787 | D:4      | Reached skill level 1 in Armour
  4787 | D:4      | Reached XP level 6. HP: 32/37 MP: 6/6
  4804 | D:4      | HP: 7/38 [hobgoblin/+0 trident (4)]
  4806 | D:4      | HP: 2/39 [dart slug/slug dart (2)]
  4807 | D:4      | Slain by an ufetubus

Levels and vault maps discovered:
D:1:      elethiomel_arrival_maze, layout_basic,
          hellmonk_ecumenical_altar_zigzags, minmay_curled_crystal,
          nicolae_figureground_sparkle
D:2:      layout_rooms, nicolae_elevator_lobby_asterisk
D:3:      layout_basic, serial_corexii_hall, corexii_hall_statues_i,
          corexii_hall_statues_i
D:4:      layout_rooms, nemelex_xobeh_ov_fountains_minmay, tgw_xom,
          uniq_blork_the_orc
D:5:      layout_layer_cave, mainiacjoe_overflow_brackets, hex_tiny,
          uniq_sigmund

Skill      XL: |  1  2  3  4  5  6 |
---------------+-------------------+-----
Axes           | 2 3 4 5 |  5.1
Shields        | 2 |  2.1
Armour         | 1 |  1.7
Fighting       | 4 |  4.5
Dodging        | |  1.5
Stealth        | |  5.4

Action                   |  1- 3 |  4- 6 || total
-------------------------+-------+-------++-------
Melee: Hand axe          |    79 |   196 ||   275
       Punch             |     1 |     1 ||     2
  Use: Scroll            |     2 |     3 ||     5
       Potion            |       |     4 ||     4
 Stab: Sleeping          |       |     3 ||     3
Armor: Leather armour    |    24 |    82 ||   106
Dodge: Dodged            |    39 |   120 ||   159
Block: Buckler           |       |    23 ||    23

Table legend:
 A = Non-vault XP
 B = Vault XP
 C = Vault XP percentage of total XP
 D = Non-vault monster count
 E = Vault monster count
 F = Vault count percentage of total count
                 A         B        C        D         E       F
            +---------+---------+-------+---------+---------+-------
      Total |     455 |      90 |  16.5 |      66 |       1 |   1.5
            +---------+---------+-------+---------+---------+-------
        D:1 |      27 |       0 |   0.0 |      17 |       0 |   0.0
        D:2 |      87 |       0 |   0.0 |      21 |       0 |   0.0
        D:3 |      16 |       0 |   0.0 |      10 |       0 |   0.0
        D:4 |     325 |      90 |  21.7 |      18 |       1 |   5.3
            +---------+---------+-------+---------+---------+-------
